 Dungeon Crawl Stone Soup version 0.29-a0-234-g0dae59b3db (webtiles) character file.

Game seed: 9281938966764224110

28207 inmateoo the Timeless (level 13, -3/100 HPs)
             Began as a Demonspawn Fighter on Mar 2, 2022.
             Was a High Priest of Cheibriados.
             Killed from afar by Azrael (27 damage)
             ... with damnation
             ... on level 13 of the Dungeon.
             The game lasted 00:16:40 (14495 turns).

inmateoo the Timeless (Demonspawn Fighter)         Turns: 14495, Time: 00:16:40

Health: -3/100     AC: 18    Str: 29    XL:     13   Next: 8%
Magic:  4/22       EV: 15    Int: 26    God:    Cheibriados [*****.]
Gold:   1134       SH:  7    Dex: 25    Spells: 13/25 levels left

rFire   + . .      SeeInvis .     - Unarmed
rCold   x . .      Faith    .   c - +0 buckler
rNeg    . . .      Spirit   .   O - +1 troll leather armour {Snorg}
rPois   .          Reflect  .   a - +0 helmet
rElec   .          Harm     .   A - +1 cloak {rCorr}
rCorr   +          Rampage  .   Q - +0 pair of gloves
Will    .....                   L - +0 pair of boots
Stlth   ++........              (no amulet)
HPRegen 1.06/turn               G - +4 ring of protection
MPRegen 0.18/turn               R - ring of fire

@: very slow
A: icy blue scales 2, icemail 2, condensation shield, demonic magic 2, demonic
touch 1
a: Renounce Religion, Bend Time, Temporal Distortion, Slouch, Step From Time


You were on level 13 of the Dungeon.
You worshipped Cheibriados.
Cheibriados was extremely pleased with you.
You visited 1 branch of the dungeon, and saw 13 of its levels.
You also visited: Ossuary.

You collected 1344 gold pieces.
You spent 210 gold pieces at shops.

Inventory:

Hand Weapons
 j - the +8 mace of Satyriasis {vorpal, Dex+3}
   (You found it on level 2 of the Dungeon)

   It inflicts extra damage upon your enemies.
   Dex:       It affects your dexterity (+3).
Missiles
 n - 27 poisoned darts (quivered)
 M - 2 throwing nets
Armour
 a - a +0 helmet (worn)
 c - a +0 buckler (worn)
 p - +0 steam dragon scales
 A - a +1 cloak of preservation (worn)
 L - a +0 pair of boots (worn)
 O - a +1 troll leather armour (worn) {Snorg}
 Q - a +0 pair of gloves (worn)
Magical Staves
 q - a staff of cold
 H - a staff of poison
Jewellery
 o - a +6 ring of intelligence
 u - a +4 ring of protection
 v - a ring of resist corrosion
 y - a ring of flight
 G - a +4 ring of protection (left hand)
 K - a +6 ring of intelligence
 R - a ring of fire (right hand)
Wands
 k - a wand of polymorph (13)
 t - a wand of flame (21)
Scrolls
 e - 4 scrolls of immolation
 f - 11 scrolls of identify
 i - 9 scrolls of teleportation
 m - a scroll of vulnerability
 w - a scroll of magic mapping
 C - 3 scrolls of enchant weapon
 D - 2 scrolls of fog
 E - 2 scrolls of blinking
 F - 2 scrolls of fear
 I - 2 scrolls of enchant armour
 J - a scroll of amnesia {unknown}
Potions
 d - 2 potions of might
 g - 4 potions of resistance
 h - 2 potions of heal wounds
 l - 4 potions of curing
 r - 4 potions of lignification
 s - a potion of cancellation
 x - 3 potions of brilliance
 z - a potion of ambrosia
 B - a potion of magic
Miscellaneous
 b - a condenser vane


   Skills:
 + Level 8.9 Fighting
 - Level 8.0 Long Blades
 - Level 5.0 Maces & Flails
 - Level 5.0 Armour
 - Level 5.0 Dodging
 - Level 5.0 Shields
 + Level 7.1 Unarmed Combat
 + Level 6.5 Spellcasting
 + Level 5.5 Transmutations
 + Level 6.6 Air Magic
 - Level 10.0 Invocations


You had 13 spell levels left.
You knew the following spells:

 Your Spells              Type           Power      Damage    Failure   Level
a - Lightning Bolt        Conj/Air       12%        1d26      54%         5
b - Storm Form            Tmut/Air       20%        N/A       99%         7

Your spell library contained the following spells:

 Spells                   Type           Power      Damage    Failure   Level
 Summon Lightning Spire   Summ/Air       25%        N/A       24%         4
 Dazzling Flash           Conj/Hex       16%        N/A       28%         3
 Gell's Gravitas          Tloc           8%         N/A       28%         3
 Teleport Other           Tloc           8%         N/A       28%         3
 Iskenderun's Mystic Bla  Conj/Tloc      8%         2d4       67%         4
 Iskenderun's Battlesphe  Conj           8%         2d6       95%         5
 Conjure Ball Lightning   Conj/Air       12%        3x3d6     98%         6
 Dispersal                Tloc           4%         N/A       100%        6
 Iron Shot                Conj/Erth      4%         9d2       100%        6
 Starburst                Conj/Fire      6%         6d4       100%        6
 Spellforged Servitor     Conj/Summ      4%         N/A       100%        7
 Maxwell's Capacitive Co  Air            21%        ∞         100%        8
 Chain Lightning          Conj/Air       12%        3d16      100%        9


Dungeon Overview and Level Annotations

Branches:
Dungeon (13/15)            Temple (0/1) D:4            Lair (0/6) D:8
    Orc (0/2) D:12        Ossuary (visited)
 Vaults: D:13-14

Altars:
Cheibriados
Dithmenos
Elyvilon
Fedhas
Hepliaklqana
Kikubaaqudgha
Okawaru
Qazlal
Ru
Sif Muna
Trog
Uskayaw
Wu Jian
Xom
Zin
Beogh

Shops:
D:4 [*   D:7 (

Annotations:
D:4 1 runed translucent door, benappo's ghost, amateur DjCj
D:12 exclusion: obsidian statue
D:13 Azrael


Innate Abilities, Weirdness & Mutations

You are mostly covered in icy blue scales. (AC +3)
A meltable icy envelope protects you from harm. (AC +0)
A meltable shield of frost defends you. (SH +0)
Spells you cast may paralyse nearby enemies.
Your touch may inflict minor irresistible damage on your foes.


Message History

Azrael misses you.
You hit Azrael but do no damage.
Azrael is heavily wounded.
Azrael gestures at you.
The sphere of damnation explodes!
The damnation engulfs you!!!
The damnation engulfs Azrael.
Azrael completely resists.
You barely miss Azrael.
Azrael is moderately wounded.
Azrael barely misses you.
You hit Azrael.
Azrael is heavily wounded.
Azrael gestures at you. The bolt of fire hits you!!
* * * LOW HITPOINT WARNING * * *
Okay, then.
You remove your +4 ring of protection.
You feel more attuned to fire.
R - a ring of fire (right hand) Azrael gestures at you.
The fireball explodes!
The fireball engulfs you! You resist.
* * * LOW HITPOINT WARNING * * *
The fireball engulfs Azrael.
Azrael completely resists.
You feel much better.
Azrael's eyes look fiery.
Azrael hits you with a +1 scimitar of flaming.
* * * LOW HITPOINT WARNING * * *
Unknown command.
Activating: Slouch (1% risk of failure)
Press: ? - help, Dir - look around, f - activate You can feel time thicken for a moment.
Cheibriados lowers the support of your attributes as your movement quickens.
Azrael closely misses you.
Unknown command.
Activating: Slouch (1% risk of failure)
Press: ? - help, Dir - look around, f - activate You can feel time thicken for a moment.
Cheibriados lowers the support of your attributes as your movement quickens.
Azrael gestures at you.
The sphere of damnation explodes!
The damnation engulfs you!!
You die...

#####.# ##########.....
#.....####..........####
+.#.#.'....##########
#...#.###### ###'###
#...# ###.### #...#
###@# ......R..#
.....†...# .........#
....(....# ......[..#
...[...... .........#


You could see Azrael.

Vanquished Creatures
  Kirke (D:12)
  Snorg (D:10)
  Josephine (D:12)
  2 boulder beetles (D:12)
  A hydra (D:11)
  12 two-headed ogres
  Lodul (D:12)
  A cyclops (D:11)
  An ugly thing (D:12)
  A manticore (D:13)
  A gargoyle (D:10)
  An unseen horror (D:11)
  A komodo dragon (D:8)
  3 trolls
  A queen bee (D:10)
  2 shadows (D:12)
  7 wraiths
  20 yaks
  3 fire elementals (D:13)
  2 steam dragons
  2 hogs (D:12)
  3 vampire mosquitoes (D:7)
  Edmund (D:6)
  Duvessa (D:7)
  2 water moccasins
  4 hell hounds (D:13)
  An ice beast (D:6)
  3 orc warriors
  2 black bears
  4 ogres
  9 centaurs
  3 phantoms
  5 bullfrogs
  A kobold brigand (D:8)
  2 gnoll sergeants
  A necrophage (D:7)
  3 scorpions
  2 troll zombies (D:12)
  2 water moccasin zombies (Ossuary)
  7 wights
  Dowan (D:7)
  18 killer bees
  3 howler monkeys
  5 bullfrog zombies (Ossuary)
  A centaur zombie (Ossuary)
  A hound (D:4)
  A jelly (D:7)
  A gnoll shaman (D:8)
  3 orc priests
  An iron imp (D:3)
  Crazy Yiuf (D:2)
  13 mummies (Ossuary)
  2 iguanas
  8 orc wizards
  4 killer bee zombies (Ossuary)
  4 ogre zombies (D:12)
  17 gnolls
  2 howler monkey zombies (Ossuary)
  5 adders
  An ufetubus (D:5)
  6 worms
  A dart slug (D:1)
  44 orcs
  4 ball pythons
  3 endoplasms
  6 giant cockroaches
  8 goblins
  2 hobgoblins
  2 quokkas (D:1)
  2 bats
  3 frilled lizards
  3 goblin skeletons (D:12)
  2 goblin zombies (D:12)
  2 hobgoblin zombies (D:12)
  14 kobolds
  An orc skeleton (D:12)
  9 orc zombies (D:12)
  7 rats
332 creatures vanquished.

Vanquished Creatures (collateral kills)
  Rupert (D:12)
  A tengu warrior (D:8)
  A steam dragon (D:8)
  A gnoll (D:8)
4 creatures vanquished.

Vanquished Creatures (others)
  3 humans (D:12)
  An orc wizard (D:10)
  An ufetubus (D:12)
  A goblin zombie (D:12)
  An orc skeleton (D:12)
  18 plants
  5 withered plants
30 creatures vanquished.

Grand Total: 366 creatures vanquished

Notes
Turn   | Place    | Note
-------+----------+-------------------------------------------
     0 | D:1      | inmateoo the Demonspawn Fighter began the quest for the
                  | Orb.
     0 | D:1      | Reached XP level 1. HP: 18/18 MP: 1/1
   127 | D:1      | Gained mutation: A meltable shield of frost defends you.
                  | (SH +0) [demonic ancestry]
   127 | D:1      | Reached XP level 2. HP: 17/24 MP: 2/2
   765 | D:1      | Found a faded altar of an unknown god.
  1057 | D:2      | Identified the +8 mace of Satyriasis {vorpal, Dex+3}
  1061 | D:2      | Found a runed translucent door.
  1062 | D:2      | Noticed Crazy Yiuf
  1067 | D:2      | Killed Crazy Yiuf
  1068 | D:2      | Gained mutation: A meltable icy envelope protects you from
                  | harm. (AC +0) [demonic ancestry]
  1068 | D:2      | Reached XP level 3. HP: 19/29 MP: 3/3
  1317 | D:2      | Reached skill level 1 in Dodging
  1458 | D:2      | Got Nisag's Disquisition on Feathers
  1537 | D:2      | Gained mutation: You are partially covered in icy blue
                  | scales. (AC +2) [demonic ancestry]
  1537 | D:2      | Reached XP level 4. HP: 35/35 MP: 4/4
  2256 | D:3      | Found a snail-covered altar of Cheibriados.
  2333 | D:3      | Became a worshipper of Cheibriados the Contemplative
  2435 | D:3      | Gained mutation: Spells you cast may paralyse adjacent
                  | enemies. [demonic ancestry]
  2435 | D:3      | Reached XP level 5. HP: 41/41 MP: 5/5
  2437 | D:3      | Reached skill level 1 in Maces & Flails
  2661 | D:3      | Found a faded altar of an unknown god.
  2753 | D:3      | Found a shadowy altar of Dithmenos.
  2952 | D:4      | Found a staircase to the Ecumenical Temple.
  2986 | D:4      | Found a runed translucent door.
  2987 | D:4      | Noticed benappo's ghost (amateur DjCj)
  2992 | D:4      | Noticed a phantom
  3001 | D:4      | Killed a phantom
  3056 | D:4      | Noticed an ogre
  3065 | D:4      | Killed an ogre
  3066 | D:4      | Reached skill level 1 in Invocations
  3066 | D:4      | Reached XP level 6. HP: 20/48 MP: 5/7
  3695 | D:4      | Found Mips's General Store.
  3703 | D:4      | Bought a +0 cloak of preservation for 138 gold pieces
  3720 | D:4      | Bought a potion of lignification for 36 gold pieces
  3720 | D:4      | Bought a potion of curing for 36 gold pieces
  3842 | D:4      | Found an ornate altar of the Wu Jian Council.
  3880 | D:4      | Found Nazekh's Armour Boutique.
  4137 | D:5      | Entered Level 5 of the Dungeon
  4169 | D:5      | Reached skill level 2 in Invocations
  4169 | D:5      | Reached XP level 7. HP: 54/54 MP: 8/8
  4173 | D:5      | Noticed a steam dragon
  4181 | D:5      | Killed a steam dragon
  4181 | D:5      | Reached * piety under Cheibriados
  4502 | D:5      | Found a shimmering altar of Xom.
  4633 | D:5      | Found a bloodstained altar of Trog.
  4718 | D:5      | Reached skill level 1 in Unarmed Combat
  4938 | D:5      | Found a hide-covered altar of Uskayaw.
  5060 | D:5      | Reached skill level 3 in Invocations
  5060 | D:5      | Gained mutation: A meltable icy envelope protects you from
                  | harm. (AC +0) [demonic ancestry]
  5060 | D:5      | Reached XP level 8. HP: 61/61 MP: 10/10
  5075 | D:5      | Found a sacrificial altar of Ru.
  5110 | D:5      | Found an ancient bone altar of Kikubaaqudgha.
  5567 | D:6      | Found an iron altar of Okawaru.
  5764 | D:6      | Found a sand-covered staircase.
  5771 | Ossuary  | Entered an ossuary
  5808 | Ossuary  | Reached skill level 5 in Long Blades
  5894 | Ossuary  | Reached skill level 4 in Invocations
  5988 | Ossuary  | Reached ** piety under Cheibriados
  6020 | Ossuary  | Reached skill level 5 in Fighting
  6207 | D:6      | Reached XP level 9. HP: 68/68 MP: 12/12
  6210 | D:6      | Noticed Edmund
  6213 | D:6      | Learned a level 5 spell: Lightning Bolt
  6226 | D:6      | Killed Edmund
  6795 | D:7      | Found a stormy altar of Qazlal.
  6803 | D:7      | Reached skill level 1 in Air Magic
  6811 | D:7      | Reached skill level 1 in Spellcasting
  6891 | D:7      | Reached skill level 5 in Invocations
  6932 | D:7      | You fall into a shaft and drop 2 floors!
  6947 | D:9      | Reached skill level 5 in Armour
  6954 | D:9      | Reached skill level 5 in Shields
  6956 | D:9      | Reached *** piety under Cheibriados
  7420 | D:7      | Found Xeit's Antique Weapon Shop.
  7523 | D:7      | Noticed Duvessa
  7523 | D:7      | Noticed Dowan
  7549 | D:7      | Killed Duvessa
  7550 | D:7      | Gained mutation: You are mostly covered in icy blue scales.
                  | (AC +3) [demonic ancestry]
  7550 | D:7      | Reached XP level 10. HP: 28/76 MP: 14/14
  7550 | D:7      | Killed Dowan
  7829 | D:7      | Found a shimmering blue altar of Sif Muna.
  8228 | D:8      | Found a staircase to the Lair.
  8274 | D:8      | Reached **** piety under Cheibriados
  8473 | D:8      | Noticed a tengu warrior
  8492 | D:8      | Killed a tengu warrior
  8493 | D:8      | Reached skill level 6 in Invocations
  8779 | D:8      | Found a hazy altar of Hepliaklqana.
  9126 | D:8      | Found a blossoming altar of Fedhas.
  9436 | D:9      | Reached ***** piety under Cheibriados
  9678 | D:9      | Reached skill level 5 in Dodging
  9874 | D:9      | Learned a level 7 spell: Storm Form
 10074 | D:9      | Noticed a two-headed ogre
 10084 | D:9      | Killed a two-headed ogre
 10085 | D:9      | Reached XP level 11. HP: 40/83 MP: 16/16
 10681 | D:10     | Entered Level 10 of the Dungeon
 10681 | D:10     | Noticed Snorg
 10689 | D:10     | Killed Snorg
 11021 | D:10     | Reached skill level 1 in Transmutations
 11021 | D:10     | Reached skill level 7 in Invocations
 11053 | D:10     | Reached skill level 5 in Maces & Flails
 11649 | D:10     | Reached ****** piety under Cheibriados
 11650 | D:10     | Reached skill level 5 in Unarmed Combat
 12109 | D:11     | Noticed a two-headed ogre
 12111 | D:11     | Noticed a two-headed ogre
 12123 | D:10     | Killed a two-headed ogre
 12124 | D:10     | Reached skill level 8 in Invocations
 12153 | D:10     | Killed a two-headed ogre
 12441 | D:11     | Noticed a two-headed ogre
 12447 | D:11     | Killed a two-headed ogre
 12659 | D:11     | Noticed a five-headed hydra
 12667 | D:11     | Killed a five-headed hydra
 12668 | D:11     | Reached skill level 5 in Spellcasting
 12668 | D:11     | Reached skill level 5 in Air Magic
 12668 | D:11     | Gained mutation: Spells you cast may paralyse nearby
                  | enemies. [demonic ancestry]
 12668 | D:11     | Reached XP level 12. HP: 79/91 MP: 19/19
 12729 | D:11     | Found a bloodstained altar of Trog.
 13047 | D:12     | Noticed Kirke
 13095 | D:12     | Killed Kirke
 13096 | D:12     | Reached skill level 9 in Invocations
 13197 | D:12     | Noticed a two-headed ogre
 13198 | D:12     | Noticed a two-headed ogre
 13198 | D:12     | Noticed a two-headed ogre
 13198 | D:12     | Noticed a two-headed ogre
 13199 | D:12     | Noticed Lodul
 13199 | D:12     | Noticed a two-headed ogre
 13199 | D:12     | Noticed a two-headed ogre
 13200 | D:12     | Noticed a two-headed ogre
 13203 | D:12     | Killed a two-headed ogre
 13204 | D:12     | Killed a two-headed ogre
 13204 | D:12     | Killed a two-headed ogre
 13205 | D:12     | Killed a two-headed ogre
 13205 | D:12     | Killed a two-headed ogre
 13206 | D:12     | Killed a two-headed ogre
 13206 | D:12     | Killed a two-headed ogre
 13206 | D:12     | Noticed a boulder beetle
 13216 | D:12     | Killed Lodul
 13216 | D:12     | Noticed a two-headed ogre
 13229 | D:12     | Killed a two-headed ogre
 13247 | D:12     | Killed a boulder beetle
 13248 | D:12     | Reached skill level 10 in Invocations
 13435 | D:12     | Noticed a boulder beetle
 13462 | D:12     | Killed a boulder beetle
 13463 | D:12     | Reached skill level 5 in Transmutations
 13639 | D:12     | Noticed Josephine
 13748 | D:12     | Killed Josephine
 13989 | D:12     | Found a staircase to the Orcish Mines.
 14000 | D:12     | Noticed Rupert
 14005 | D:12     | Paralysed by Rupert for 6 turns
 14022 | D:12     | Killed Rupert
 14023 | D:12     | Gained mutation: Your touch may inflict minor irresistible
                  | damage on your foes. [demonic ancestry]
 14023 | D:12     | Reached XP level 13. HP: 48/100 MP: 22/22
 14482 | D:13     | Noticed Azrael
 14492 | D:13     | HP: 2/100 [Azrael/fireball (12)]
 14495 | D:13     | Killed from afar by Azrael

Illustrated notes

Levels and vault maps discovered:
D:1:      dpeg_arrival_court, layout_loops_ring,
          shapermc_ecumenical_altar_mp_urbaneastern
D:2:      layout_loops_corners, minmay_fountain_box, bh_walls_and_bars,
          uniq_crazy_yiuf_cottage
D:3:      layout_loops_cross, nicolae_overflow_ecumenical_swirl, slow_altar_2
D:4:      layout_gridville, nzn_wu_jian_council_hall,
          minmay_temple_entry_statues_pillars, serial_shops, shop,
          nicolae_stop_n_shop_1, gammafunk_ghost_grave
D:5:      layout_layer_cave, mainiacjoe_overflow_cross_hatched,
          amcnicky_altar_gilded, mainiacjoe_overflow_paths,
          nicolae_uskayaw_suspiria, kennysheep_mini_moat
D:6:      layout_basic, mainiacjoe_overflow_small_starburst, lemuel_round_altar,
          serial_glass, glass_columns_a, glass_columns_a,
          chequers_ossuary_entry_cave, grunt_ministairs_13,
          lemuel_flamethrower_1, uniq_edmund
D:7:      layout_cave_pools, nicolae_qazlal_scattered_showers,
          mainiacjoe_overflow_chevrons, lemuel_blue_sif_altar, serial_shops,
          nicolae_square_shop, uniq_duvessa
D:8:      hellmonk_destroyed_diamonds, layout_rooms,
          mainiacjoe_overflow_alcove_4, nicolae_hepliaklqana_hippocampus,
          david_lair_shrubbed
D:9:      layout_basic, special_room [special_room_orc]
D:10:     layout_stronghold, hangedman_abyss_or_decor_jellyfish_corner,
          kennysheep_nub, nicolae_looking_at_the_future, uniq_snorg
D:11:     layout_long_grid, bloody_trog
D:12:     layout_layer_cave, zombieorc1_lemuel, hangedman_devilish_allure,
          uniq_lodul, uniq_rupert, uniq_kirke, uniq_josephine
D:13:     layout_roguey, skrybe_vaults_entry_preservation, minmay_crystal_water,
          uniq_urug, uniq_azrael

Skill      XL: |  1  2  3  4  5  6  7  8  9 10 11 12 |
---------------+-------------------------------------+-----
Long Blades    | 2 3 4 5 6 7 8 |  8.0
Armour         | 3 4 5 |  5.0
Shields        | 3 4 5 |  5.0
Dodging        | 1 2 3 4 5 |  5.0
Maces & Flails | 1 2 3 4 5 |  5.0
Invocations    | 1 2 3 4 5 6 8 10 | 10.0
Fighting       | 4 5 6 7 8 |  8.9
Unarmed Combat | 1 2 3 4 5 7 |  7.1
Air Magic      | 2 3 5 6 |  6.6
Spellcasting   | 2 3 5 6 |  6.5
Transmutations | 3 5 |  5.5

Action                   |  1- 3 |  4- 6 |  7- 9 | 10-12 | 13-15 || total
-------------------------+-------+-------+-------+-------+-------++-------
Melee: Long sword        |    46 |       |       |       |       ||    46
       Mace              |    15 |    92 |   314 |   608 |       ||  1029
       Unarmed           |       |       |       |    13 |    10 ||    23
Invok: Slouch            |       |       |       |       |     4 ||     4
Evoke: Wand              |       |       |       |    26 |       ||    26
       Condenser vane    |       |       |       |     1 |       ||     1
  Use: Scroll            |     3 |    12 |     5 |     4 |       ||    24
       Potion            |       |       |     1 |     5 |     1 ||     7
 Stab: Distracted        |       |       |       |     1 |       ||     1
       Sleeping          |       |       |       |     1 |       ||     1
Armor: Scale mail        |    15 |    30 |   182 |   133 |       ||   360
       Troll leather arm |       |       |       |   186 |     6 ||   192
       Skin              |       |       |       |    11 |       ||    11
Dodge: Dodged            |    16 |    24 |   201 |   467 |     8 ||   716
Block: Buckler           |    23 |    48 |   198 |   509 |     4 ||   782

Table legend: (Time is in decaauts)
 A = Elapsed time spent in this place.
 B = Non-inter-level travel time spent in this place.
 C = Inter-level travel time spent in this place.
 D = Time resting spent in this place.
 E = Time spent auto-exploring this place.
 F = Levels seen in this place.
 G = Mean time per level.
                   A        B        C        D        E       F      G
               +--------+--------+--------+--------+--------+-----+--------+
         Total |  19926 |  19190 |    736 |   3645 |  12040 |  14 | 1423.3 |
       Dungeon |  19482 |  18746 |    736 |   3613 |  11878 |  13 | 1498.6 |
       Ossuary |    444 |    444 |      0 |     32 |    162 |   1 |  444.0 |
               +--------+--------+--------+--------+--------+-----+--------+

Top non-repeatable levels by time:
    D:12: 2286 daAuts
    D:10: 2229 daAuts
     D:9: 2126 daAuts
     D:8: 1954 daAuts
    D:11: 1660 daAuts
     D:4: 1658 daAuts
     D:5: 1612 daAuts
     D:6: 1446 daAuts
     D:7: 1238 daAuts
     D:3: 1125 daAuts
     D:2: 1018 daAuts
     D:1: 995 daAuts
 Ossuary: 444 daAuts
    D:13: 130 daAuts
